[Event "99th Argentina-ch 2024"]
[Site "Buenos Aires"]
[Date "2024.11.27"]
[Round "2.1"]
[White "Coro, Lucas"]
[Black "Acosta, Pablo Ismael"]
[Result "1-0"]
[ECO "C01"]
[WhiteElo "2401"]
[BlackElo "2454"]
[Annotator "TA"]
[PlyCount "81"]
[EventDate "2024.11.15"]
[EventCountry "ARG"]
[SourceTitle "playchess.com"]
[Source "ChessBase"]
[SourceQuality "1"]
[TimeControl "40/5400+30:1800+30"]

1. e4 e6 2. d4 d5 3. Nc3 Bb4 4. exd5 exd5 5. Bd3 Ne7 6. Nge2 c5 7. dxc5 Bxc5 8. O-O Bg4 9. Bg5 f6 10. Bf4 {[%emt 0:13:20] The position is equal.} Nbc6 11. Qd2 O-O 12. Ng3 a6 13. Rae1 Qd7 14. Na4 Ba7 15. Qc3 {[%emt 0:06:45] Prevents Ne5.} g5 16. Bd2 (16. Be3 $2 d4 17. Qb3+ Be6 $19) 16... Qd6 {[%emt 0:00:49] Repels Nc5. ...b5 would now be deadly.} 17. b4 h5 {[%emt 0:04:29][%cal Bh7h5,Bh5h4][%mdl 32] White must now prevent ...h4.} 18. Nc5 h4 19. Be2 (19. Nxb7 Qd7 20. Nc5 Bxc5 21. Qxc5 hxg3 22. fxg3 Rf7 $15) 19... Bc8 (19... Bxe2 $11 20. Nxe2 a5) 20. Nh5 $14 {[%emt 0:02:05][%cal Od2g5] Strongly threatening Bxg5!} Rf7 21. a3 ({White should try} 21. Qb2 $14) 21... a5 {[%emt 0:00:09] [#]} (21... Bb8 $1 $11 22. f4 g4) 22. Bf3 (22. Bb5 $1 $16) 22... axb4 23. axb4 Bb8 24. g3 {[%emt 0:01:39] Active counter play!} Ne5 (24... b6 $11 {keeps the balance.}) 25. Bg2 {[%emt 0:02:30] Threatens to win with f4.} h3 26. Bh1 Nc4 (26... Bg4 $1 $14 27. f4 (27. Nxb7 $2 Qb6 $19) 27... Bxh5 28. fxe5 fxe5) 27. Bc1 {[%emt 0:01:16] aiming for f4.} b6 $2 (27... Kf8 28. f4 g4) 28. Nb3 $2 (28. Nxf6+ $18 Rxf6 29. Rxe7 (29. Bxg5 Ne5 $18) 29... Qxe7 (29... bxc5 $2 30. Re8+ Rf8 31. Rxf8+ Qxf8 32. Bxd5+ Kh7 33. Bxa8 $18) 30. Bxd5+ (30. Bxg5 Kg7 $11) 30... Kg7 31. Ne4 (31. Bxa8 bxc5 32. Qxc4 Ba6 $18) (31. Qxc4 Ra1 $18) (31. Bxg5 Ra3 $11)) 28... b5 $2 {[%emt 0:00:34] [#]} (28... Bg4 29. Nxf6+ Qxf6 (29... Rxf6 $2 30. Bxg5 Ne5 31. f4 $18) 30. Qxf6 Rxf6 31. Rxe7 $18) (28... Kf8 $16) 29. Rxe7 $2 Qxe7 $11 30. Bxd5 Bb7 $2 31. Nxf6+ $18 (31. Bxf7+ Kxf7 32. Qd3 Be4 $17 (32... Qxb4 $2 33. Qh7+ Ke6 34. Nd4+ Ke5 35. Qxb7 $18)) 31... Kf8 32. Bxg5 Qe5 (32... Be5 $142 33. Bh6+ Rg7) 33. Bh6+ Ke7 34. Re1 Kxf6 35. Rxe5 (35. Qf3+ $142 Kg6 36. Qxf7+ (36. Bxf7+ Kxh6 37. Qd1 Be4 $18) 36... Kxh6 37. Qf8+ (37. Rxe5 Bxe5 38. Bxb7 Ra7 $18) 37... Kh5 38. Bf7+ (38. Rxe5+ Bxe5 39. Qf7+ Kh6 $18) 38... Kg4 39. Be6+ (39. Rxe5 Nxe5 40. Qe7 Nxf7 $18) 39... Kh5 40. g4+ (40. Rxe5+ Nxe5 41. Bf7+ Ng6 $18) 40... Kg6 41. Bf5+ (41. Rxe5 Bxe5 42. Qf7+ Kh6 43. Qh5+ Kg7 44. Qg5+ Kh7 45. Bf5+ Kh8 46. Qh6+ Kg8 47. Be6#) 41... Kg5 42. f4+ (42. Rxe5 Bxe5 43. Qe7+ Kf4 $18) 42... Kxf4 43. Qh6+ (43. Rxe5 $2 Ba7+ 44. Kf1 Bg2+ 45. Ke1 Rxf8 $19) 43... Kf3 44. Rf1+ Ke2 45. Bd3#) 35... Nxe5 {[%emt 0:00:15] White is clearly winning.} 36. Bxb7 Rxb7 37. Bf4 {[%emt 0:00:53] And now Bxe5+ would win.} Rd7 38. Kf1 {[%emt 0:00:27] Bxe5+ is the strong threat.} Ra3 39. Qc8 Re7 40. Qh8+ Kf7 41. Qxb8 {[%emt 0:04:00] Weighted Error Value: White=0.44/Black=0.70.  Loses game:     	---       	Black=2      Missed win:     	White=2     	---        Mistake:       	White=2     	Black=6      Inaccurate:     	White=4     	Black=3      OK:         	White=4     	Black=9      Best:        	White=4     	Black=2} 1-0

[Event "99th Argentina-ch 2024"]
[Site "Buenos Aires"]
[Date "2024.11.27"]
[Round "2.2"]
[White "Tokman, Ariel"]
[Black "Perez Ponsa, Federico"]
[Result "0-1"]
[ECO "A32"]
[WhiteElo "2390"]
[BlackElo "2536"]
[Annotator "TA"]
[PlyCount "66"]
[EventDate "2024.11.15"]
[EventCountry "ARG"]
[SourceTitle "playchess.com"]
[Source "ChessBase"]
[SourceQuality "1"]
[TimeControl "40/5400+30:1800+30"]

1. d4 e6 2. Nf3 c5 3. c4 cxd4 4. Nxd4 Nf6 5. Nc3 a6 6. Qd3 Qc7 7. g3 Nc6 8. b3 (8. Nxc6 $11 dxc6 9. Bg2) 8... Ne5 $15 9. Qe3 {[%emt 0:17:36] [#]} d5 (9... Bc5 $1 $17 {aiming for ...Qd6.} 10. Qf4 d6) 10. Bg2 $11 {[%emt 0:02:20] Black has an edge.} dxc4 {[%emt 0:02:06] Hoping for ...Neg4.} 11. O-O Neg4 12. Qd2 Bb4 13. a3 Ba5 14. Bb2 (14. h3 $11 Ne5 15. b4) 14... e5 $15 15. Nc2 cxb3 16. Nb4 Be6 (16... O-O $5 17. h3 (17. Ncd5 Nxd5 18. Nxd5 Bxd2 $17) 17... Rd8 $15) 17. e4 {[%emt 0:01:25] Black keeps a firm grip on the game.} (17. Ncd5 $15 Qd8 18. e4) 17... Rd8 18. Ncd5 O-O 19. Rad1 (19. Rac1 $17 {was worth a try.} Qd6 20. Qe2) 19... Bxd5 $19 20. exd5 e4 21. h3 Ne5 22. Qg5 Rfe8 23. d6 Qc5 {[%emt 0:09:26] And now ...Nf3+ would win.} 24. Rd5 $2 (24. Nd5 Nxd5 25. Bxe5) 24... Nxd5 25. Bxe5 {[%emt 0:00:04] [#]} Rxe5 $1 26. Qxe5 Bxb4 ({But not} 26... Qxd6 27. Qxd6 Rxd6 28. Nxd5 Rxd5 29. Rb1 $19) 27. axb4 Qxd6 28. Qxe4 (28. Qxd6 $142 Rxd6 29. Rb1) 28... Qxb4 (28... Nc3 $142 29. Qxb7 b2) 29. Rd1 $2 (29. Qd3 Qc3 30. Rd1 Qxd3 31. Rxd3) 29... Qxe4 {[%emt 0:00:27] Black is clearly winning.} 30. Bxe4 {[%emt 0:00:02] [#]} b2 $1 31. Rd2 {[%emt 0:00:06] [#]} (31. Kh2 g6) 31... b5 $1 32. Rxb2 Nc3 33. Bb7 a5 {[%emt 0:00:11] Weighted Error Value: White=0.78/Black=0.52.  Mistake:       	White=6     	Black=2      Inaccurate:     	White=2     	Black=4      OK:         	White=5     	Black=8      Best:        	White=2     	Black=2} 0-1

[Event "99th Argentina-ch 2024"]
[Site "Buenos Aires"]
[Date "2024.11.28"]
[Round "2.3"]
[White "Spata, German"]
[Black "Mareco, Sandro"]
[Result "1/2-1/2"]
[ECO "E51"]
[WhiteElo "2399"]
[BlackElo "2580"]
[Annotator "TA"]
[PlyCount "61"]
[EventDate "2024.11.15"]
[EventCountry "ARG"]
[SourceTitle "playchess.com"]
[Source "ChessBase"]
[SourceQuality "1"]
[TimeControl "40/5400+30:1800+30"]

1. d4 Nf6 2. c4 e6 3. Nc3 Bb4 4. e3 O-O 5. Bd2 d5 6. Nf3 b6 7. cxd5 exd5 8. Bd3 c5 9. h3 Nc6 10. O-O {[%emt 0:04:54] The position is equal.} c4 11. Bc2 Re8 {[%emt 0:02:51] Prevents Ne5} 12. b3 Ba6 13. Re1 Rc8 14. bxc4 Bxc4 15. Qb1 Ba5 16. Bf5 Rb8 17. a3 b5 18. Na2 Bxd2 (18... Bb6 $15) 19. Nxd2 $11 a5 20. Qc2 g6 21. Bd3 Qe7 22. Bxc4 bxc4 23. Nc3 Rb7 24. Qa4 Qe6 (24... Qd7 $1 $11) 25. Rab1 Reb8 26. Rxb7 Rxb7 27. Rb1 $36 {[%emt 0:01:16][%mdl 2048] White fights for an advantage.} Rxb1+ 28. Ndxb1 h5 (28... Kg7 $11) 29. Qb5 $14 h4 30. Qc5 Ne7 (30... Qd7 $14) 31. Ne2 {[%emt 0:05:18] Weighted Error Value: White=0.09 (flawless) /Black=0.22 (precise) .  Mistake:       	White=1     	Black=4      Inaccurate:     	White=3     	Black=1      OK:         	White=8     	Black=9} ({White should play} 31. Qxa5 $16 g5 32. Nd2) 1/2-1/2

[Event "99th Argentina-ch 2024"]
[Site "Buenos Aires"]
[Date "2024.11.27"]
[Round "2.4"]
[White "Peralta, Fernando"]
[Black "Valerga, Diego"]
[Result "1-0"]
[ECO "D35"]
[WhiteElo "2546"]
[BlackElo "2445"]
[Annotator "TA"]
[PlyCount "59"]
[EventDate "2024.11.15"]
[EventCountry "ARG"]
[SourceTitle "playchess.com"]
[Source "ChessBase"]
[SourceQuality "1"]
[TimeControl "40/5400+30:1800+30"]

1. d4 d5 2. c4 e6 3. Nc3 Nf6 4. cxd5 Nxd5 5. e4 Nxc3 6. bxc3 c5 7. Rb1 Be7 8. Nf3 O-O 9. h4 cxd4 {[%emt 0:02:10] The position is equal.} 10. cxd4 Nc6 11. Be2 b6 12. h5 Bb7 13. h6 $36 {[%emt 0:00:30][%mdl 2048] aiming for hxg7. White has some pressure.} g6 14. O-O (14. Qd2 {with more complications.} f5 15. exf5 Rxf5 16. Qe3) 14... Rc8 15. Bb2 Na5 16. Bd3 Bf6 17. Qe2 Nc6 {[%emt 0:05:22] [#]} (17... Bg5 $14) 18. d5 $1 $16 exd5 19. exd5 Nb8 20. Rfe1 {[%emt 0:18:09] Hoping for Bc4. White is more active.} Nd7 $2 {[%emt 0:12:52] [#] Loses the game.} (20... Bxd5 $16 21. Nh2 Be6) 21. Bb5 $1 $18 {[%emt 0:01:54] Threatens to win with Bxd7.} Nc5 {[%emt 0:01:18] [#]} 22. Rbd1 Qd6 23. Ne5 a6 24. Bc6 Bxc6 $2 (24... Rb8 25. Qe3 Qd8) 25. dxc6 Qe6 26. Nd7 Nxd7 27. cxd7 Rcd8 28. Qf3 Qxe1+ 29. Rxe1 Bxb2 30. Qc6 {[%emt 0:00:42] Weighted Error Value: White=0.06 (flawless) /Black=0.38.  Loses game:     	---       	Black=1      Mistake:       	---       	Black=2      Inaccurate:     	White=2     	Black=2      OK:         	White=8     	Black=8      Strong:       	White=1     	---} 1-0

[Event "99th Argentina-ch 2024"]
[Site "Buenos Aires"]
[Date "2024.11.27"]
[Round "2.5"]
[White "Krysa, Leandro"]
[Black "Flores, Diego"]
[Result "1/2-1/2"]
[ECO "E65"]
[WhiteElo "2496"]
[BlackElo "2552"]
[Annotator "TA"]
[PlyCount "61"]
[EventDate "2024.11.15"]
[EventCountry "ARG"]
[SourceTitle "playchess.com"]
[Source "ChessBase"]
[SourceQuality "1"]
[TimeControl "40/5400+30:1800+30"]

1. d4 Nf6 2. c4 g6 3. Nc3 Bg7 4. g3 O-O 5. Bg2 c5 6. Nf3 Nc6 7. O-O d6 8. dxc5 dxc5 9. Bf4 Nh5 10. Be3 b6 11. Qc1 Bb7 12. Bh6 e6 13. Rd1 (13. g4 $5 Nf6 $8 14. Rd1 $11) 13... Qe7 14. g4 Nf6 15. Bxg7 Kxg7 16. h3 (16. Qf4 $5) 16... h6 {[%emt 0:07:30] The position is equal.} 17. Qe3 Rad8 18. b3 Nb4 19. Rac1 {[%emt 0:07:49] Wards off Nc2} Rxd1+ 20. Rxd1 Rd8 (20... Bxf3 {simplifies} 21. Bxf3 Rd8 22. Rxd8 Qxd8 23. Qc1 Qd7) 21. Rxd8 Qxd8 22. Qd2 Qxd2 23. Nxd2 Bxg2 24. Kxg2 $11 {[%emt 0:00:06][%mdl 4096] Endgame. KNN-KNN} Kf8 25. e3 Ke7 26. f4 Nd7 27. Kf3 f5 28. Nb5 Nc6 29. gxf5 exf5 30. h4 Nf6 31. Ke2 {[%emt 0:00:41] An even fight not without its subleties.   Weighted Error Value: White=0.03 (flawless) /Black=0.02 (flawless) .  Inaccurate:     	White=1     	---        OK:         	White=8     	Black=11} 1/2-1/2

[Event "99th Argentina-ch 2024"]
[Site "Buenos Aires"]
[Date "2024.11.27"]
[Round "2.6"]
[White "Asprelli, Gaspar"]
[Black "Oro, Faustino"]
[Result "0-1"]
[ECO "B80"]
[WhiteElo "2245"]
[BlackElo "2433"]
[Annotator "TA"]
[PlyCount "90"]
[EventDate "2024.11.15"]
[EventCountry "ARG"]
[SourceTitle "playchess.com"]
[Source "ChessBase"]
[SourceQuality "1"]
[TimeControl "40/5400+30:1800+30"]

1. e4 c5 2. Nf3 d6 3. d4 cxd4 4. Nxd4 Nf6 5. Nc3 a6 6. f3 e6 7. Be3 h5 8. Qd2 Be7 9. a4 Nc6 {[%emt 0:04:40] The position is equal.} 10. Be2 Bd7 11. O-O Ne5 12. h3 Qc7 13. f4 Nc4 14. Bxc4 Qxc4 15. b3 (15. e5 $14 dxe5 16. fxe5) 15... Qc7 $11 16. f5 e5 17. Nde2 Bc6 (17... Rc8 $11 {feels stronger.}) 18. Qd3 (18. Nd5 $1 $14 Bxd5 19. exd5) 18... O-O 19. a5 Rac8 20. Bb6 Qd7 21. Nd5 $1 Bxd5 22. exd5 e4 23. Qd1 h4 (23... Bd8 $14) 24. c4 $16 Nh5 25. Ra2 ({White should try} 25. g4 $16 Nf6 (25... hxg3 26. Nc3 $16) 26. Nc3) 25... Bg5 26. Qd4 (26. g4 $14 Nf6 (26... hxg3 27. Nc3 $16) 27. Nf4) 26... Qe7 $11 27. Rc2 Nf6 28. b4 Qd7 29. Nc3 $1 Rfe8 30. Re2 (30. c5 $11 {remains equal.}) 30... e3 $17 31. Qd3 Qe7 $1 32. c5 Qe5 {[%emt 0:01:35] Strongly threatening ...Nh5.} 33. Rc2 Bf4 {[%emt 0:03:20] [#] Black is more active.} ({Better is} 33... Ne4 $15 34. Nxe4 Qxe4 35. Qxe4 Rxe4) 34. c6 $1 $11 Nh5 {[%emt 0:10:17] ...Bh2+ would now be deadly.} (34... bxc6 $2 35. Bd4 Bh2+ 36. Kh1 $18) (34... Bh2+ 35. Kh1) 35. Ne2 (35. g4 $5 Ng3 $8 (35... hxg3 $2 {is the wrong capture.} 36. Bd4 $18) 36. Bd4 $14) 35... Bg3 36. cxb7 Bf2+ 37. Kh1 $2 (37. Rxf2 $1 $11 {and White is okay.} exf2+ 38. Bxf2 Qa1+ 39. Nc1 Rxc2 40. Qxc2) 37... Rxc2 $19 38. Qxc2 {[%emt 0:00:02] [#]} Ng3+ $1 39. Nxg3 hxg3 40. Qe2 Qxd5 41. Qxa6 (41. b5 Qxb7 42. bxa6) 41... e2 (41... Qxf5 $2 {too greedy.} 42. Bxe3 Qe4 43. Bxf2 $18) 42. Qxe2 Rxe2 {[%emt 0:00:03] Black mates.} 43. b8=Q+ Kh7 44. Bxf2 Rxf2 45. Rg1 {[%emt 0:03:17] [#]} Rxg2 $3 {[%emt 0:00:13][%mdl 512] Weighted Error Value: White=0.51/Black=0.13 (very precise) .  Loses game:     	White=1     	---        Mistake:       	White=6     	Black=3      Inaccurate:     	White=2     	Black=3      OK:         	White=9     	Black=3      Best:        	White=2     	Black=7      Strong:       	White=2     	Black=2      Brilliant:      	White=1     	---} 0-1